Match 41023378
Unlisted

Match 41023378
End
Panzerpioneer Squad
Panzergrenadier Squad
250 Light Carrier
Panzergrenadier Squad
Construct Light Support Kompanie
Panzerjäger Squad
Selects Italian Infantry
Construct Mechanized Kompanie
Selects Guastatori Squad
Construct Panzerarmee Kommand
Selects Defensive Operations
Guastatori Squad
Panzer III L Medium Tank
Panzer III L Medium Tank
Vehicle Survival Package
Selects Registered Artillery
2.5-tonne Medical Truck
Selects Prepared Positions
Armored Reserves
Panzer III L Medium Tank
Emergency Repair Kits
Selects Registered Artillery
Tiger Heavy Tank
Selects Obice 305mm Barrage
Rapid Advance
AzzTech1221
Dralicien
Cpt. Colter Stevens
[BxB] Victor
Davitrirus
YangXYZ
0
0

Comments sign in to comment!

No comments posted yet!